 Dungeon Crawl Stone Soup version 0.20-a0-555-gf6ae02d (webtiles) character file.

18 M4edhros the Sneak (level 2, -2/18 HPs)
             Began as an Octopode Artificer on Feb 4, 2017.
             Slain by a goblin (3 damage)
             ... led by Robin
             ... on level 3 of the Dungeon.
             The game lasted 00:01:01 (455 turns).

M4edhros the Sneak (Octopode Artificer)              Turns: 455, Time: 00:01:02

Health: -2/18      AC:  1    Str: 11    XL:     2   Next: 70%
Magic:  13/13      EV: 13    Int: 13    God:
Gold:   6          SH:  0    Dex: 12    Spells: 1/1 levels left

rFire    . . .     SeeInvis .   e - +1 dagger (pain)
rCold    . . .     Gourm    .   (no shield)
rNeg     . . .     Faith    .   (helmet restricted)
rPois    .         Spirit   .   (no amulet)
rElec    .         Reflect  .   g - ring of magical power
rCorr    .         Harm     .   (no ring)
MR       .....                  (no ring)
Stlth    +++.......             (no ring)
Regen    0.1/turn               (no ring)
                                (no ring)
                                (no ring)
                                (no ring)

@: no status effects
A: almost no armour, stealthy swim, amphibious, 8 rings, constrict 8, camouflage
1, gelatinous body 1
a: no special abilities


You were on level 3 of the Dungeon.
You were not hungry.

You visited 1 branch of the dungeon, and saw 3 of its levels.

You collected 6 gold pieces.

Inventory:

Hand Weapons
 a - a +0 short sword
 e - a +1 dagger of pain (weapon)
Jewellery
 g - a ring of magical power (left tentacle)
Wands
 b - a wand of flame (15/48)
 c - a wand of enslavement (9/24)
 d - a wand of random effects (15/48)
Scrolls
 j - 2 scrolls of identify {unknown}
 k - a scroll of immolation {unknown}
 l - a scroll of teleportation {unknown}
 n - a scroll of noise {unknown}
Potions
 i - a potion of curing {unknown}
 m - a potion of might {unknown}
Comestibles
 f - a bread ration


   Skills:
 - Level 1.0 Fighting
 - Level 1.0 Short Blades
 - Level 2.0 Dodging
 + Level 3.8 Stealth
 - Level 3.2 Evocations


You had one spell level left.
You didn't know any spells.

Dungeon Overview and Level Annotations

Branches:
Dungeon (3/15)

Altars:

Annotations:
D:3 Robin


Innate Abilities, Weirdness & Mutations

You cannot wear most types of armour.
You are very stealthy in the water. (Stealth+)
You are amphibious.
You can wear up to eight rings at the same time.
You can use your tentacles to constrict eight enemies at once.
Your skin changes colour to match your surroundings (Stealth+).
Your rubbery body absorbs attacks. (AC +1, EV +1)


Message History

Aim: a rat (chance to defeat MR: 72%)
The goblin struggles to resist.
This wand has 10 charges left.
The orc wizard mumbles some strange words.
The orc wizard blinks!
The hobgoblin hits Robin with a club.
The goblin hits you but does no damage.
Robin hits the goblin with a dagger of venom.
The goblin is poisoned.
The goblin barely misses Robin.
The hobgoblin barely misses Robin.
The goblin barely misses you. The rat bites you.
* * * LOW HITPOINT WARNING * * *
The orc wizard mumbles some strange words.
The orc wizard blinks!
The goblin hits Robin with a dagger.
The hobgoblin misses you.
The goblin hits Robin.
Unknown command.
Evoke which item? (* to show all) (? for menu, Esc to quit)
Aiming: Enslavement
Press: ? - help, Shift-Dir - straight line, f - goblin
Aim: a goblin, wielding a club (chance to defeat MR: 72%)
The goblin is charmed.
This wand has 9 charges left.
The goblin hits you.
You die...

.## ..# #.#
#o#######
#........
#S.......
#rgg.....
#@gg.....
#ggggg....
...ggg.....
...##.oo.....
...##
#.o.§.... ##
#§.......
#.####### #.#


You could see an orc wizard, an adder, 3 orcs, 4 hobgoblins, 6 goblins, a rat,
the friendly Robin and a friendly goblin.

Vanquished Creatures
  A ball python (D:2)
  2 giant cockroaches (D:1)
  A goblin (D:1)
  5 hobgoblins
  4 kobolds (D:1)
  3 rats
16 creatures vanquished.

Vanquished Creatures (collateral kills)
  A goblin (D:3)
1 creature vanquished.

Grand Total: 17 creatures vanquished

Notes
Turn   | Place    | Note
-------+----------+-------------------------------------------
     0 | D:1      | M4edhros the Octopode Artificer began the quest for the Orb.
     0 | D:1      | Reached XP level 1. HP: 13/13 MP: 3/3
   139 | D:1      | Reached XP level 2. HP: 10/18 MP: 4/4
   449 | D:3      | Noticed Robin
   455 | D:3      | Slain by a goblin

Vault maps used:
D:1:      mrwooster_arrival_arrow
D:2:      minmay_kobold_bridge, marbit_many_paths, first_bread, grunt_decor_cap,
          roderic_roman_lattice
D:3:      grunt_temple_overflow_lords_of_destruction, overflow_temple_1_default,
          ashenzari_altar_1, uniq_robin

Skill      XL: |  1 |
---------------+----+-----
Stealth        | 3 |  3.8
Fighting       | |  1.0
Short Blades   | |  1.0
Dodging        | |  2.0
Evocations     | |  3.2

Action                   || total
-------------------------++-------
Melee: Dagger            ||    25
       Short sword       ||     6
       Constrict         ||     9
       Tentacles         ||     4
Evoke: Wand              ||     6
 Stab: Distracted        ||     2
       Sleeping          ||     3
Armor: Skin              ||     4
Dodge: Dodged            ||    25
